 Dungeon Crawl Stone Soup version 0.24.0-123-gd5b16e6ec5 (webtiles) character file.

Game seed: 2914110453831101354, levelgen mode: deterministic

49511 hazymike the Black Belt (level 14, -14/90 HPs)
             Began as a Tengu Transmuter on Feb 7, 2020.
             Was a High Priest of Ashenzari.
             Demolished by a stone giant (38 damage)
             ... on level 1 of the Orcish Mines.
             The game lasted 03:26:39 (34540 turns).

hazymike the Black Belt (Tengu Transmuter)         Turns: 34540, Time: 03:26:39

Health: -14/90     AC: 10    Str: 10    XL:     14   Next: 51%
Magic:  21/21      EV: 16    Int: 16    God:    Ashenzari [*****.]
Gold:   1509       SH:  7    Dex: 20    Spells: 15/21 levels left

rFire    + . .     SeeInvis +     - Unarmed
rCold    . . .     Gourm    .   q - +1 buckler (curse)
rNeg     . . .     Faith    .   Q - +1 scale mail {rPois}
rPois    +         Spirit   .   (helmet restricted)
rElec    .         Reflect  .   P - +0 cloak (curse)
rCorr    .         Harm     .   V - +1 pair of gloves (curse)
MR       ++...     Clarity  +   (boots unavailable)
Stlth    ..........             o - amulet of the acrobat (curse)
HPRegen  0.25/turn              v - ring of protection from fire
MPRegen  0.17/turn              N - ring of Sif Muna's Approval {MR+ Int+2} (curse)

@: flying quickly and evasively, lightly drained, quick
A: beak, talons 3, able to fly
a: Stop Flying, Curse Item, Scrying, Transfer Knowledge, Renounce Religion


You were on level 1 of the Orcish Mines.
You worshipped Ashenzari.
Ashenzari was extremely pleased with you.
You were not hungry.

You visited 4 branches of the dungeon, and saw 21 of its levels.
You also visited: Gauntlet.

You collected 1833 gold pieces.
You spent 324 gold pieces at shops.

Inventory:

Missiles
 a - 302 arrows
 h - 5 silver javelins
 p - 121 poisoned darts (quivered)
 L - 3 throwing nets
 O - 2 curare-tipped darts
 Y - 7 atropa-tipped darts
Armour
 n - +0 acid dragon scales
 q - a cursed +1 buckler (worn)
 w - a +0 leather armour of fire resistance
 J - the cursed +1 ring mail "Jiyrua Ixori" {rElec Int+3}
   (You found it on level 11 of the Dungeon)

   It affects your intelligence (+3).
   It insulates you from electricity.
   It has a curse placed upon it.
 P - a cursed +0 cloak (worn)
 Q - a +1 scale mail of poison resistance (worn)
 V - a cursed +1 pair of gloves (worn)
Jewellery
 o - a cursed amulet of the acrobat (around neck)
 v - a ring of protection from fire (left hand)
 C - an uncursed ring of wizardry
 N - the cursed ring of Sif Muna's Approval (right hand) {MR+ Int+2}
   (You took it off an orc on level 10 of the Dungeon)

   [ring of protection from magic]

   It affects your intelligence (+2).
   It affects your resistance to hostile enchantments.
   It has a curse placed upon it.
 R - a +4 amulet of reflection
 U - a +1 ring of evasion
Wands
 f - a wand of iceblast (7)
 s - a wand of flame (41)
 u - a wand of random effects (51)
 K - a wand of acid (9)
 S - a wand of digging (1)
 X - a wand of paralysis (13)
Scrolls
 c - 2 scrolls of vulnerability
 e - 6 scrolls of blinking
 g - 2 scrolls of fog
 i - a scroll of magic mapping
 l - 11 scrolls of teleportation
 t - 2 scrolls of immolation
 x - 10 scrolls of remove curse
 y - 2 scrolls of enchant armour
 B - 2 scrolls of silence
 F - 2 scrolls of holy word
 I - 3 scrolls of fear
 W - a scroll of summoning {unknown}
Potions
 b - a potion of invisibility
 j - 2 potions of lignification
 k - 2 potions of heal wounds
 m - 2 potions of ambrosia
 r - 2 potions of magic
 z - 2 potions of agility
 A - 6 potions of curing
 D - 5 potions of might
 G - 4 potions of resistance
 H - 2 potions of cancellation
 M - a potion of berserk rage
Miscellaneous
 T - a sack of spiders
Comestibles
 d - 23 rations


   Skills:
 + Level 11.5(11.3) Fighting
 - Level 10.0(9.8) Dodging
 - Level 4.0(6.3) Shields
 * Level 17.8(17.5) Unarmed Combat
 - Level 4.0(3.8) Spellcasting
 + Level 8.0(10.5) Transmutations
 - Level 2.0(3.8) Poison Magic


You had 15 spell levels left.
You knew the following spells:

 Your Spells              Type           Power        Failure   Level  Hunger
a - Beastly Appendage     Tmut           #####.       1%          1    None
b - Sticks to Snakes      Tmut           #####...     2%          2    ##.....
c - Spider Form           Tmut/Pois      ####......   19%         3    ###....

Your spell library contained the following spells:

 Spells                   Type           Power        Failure   Level  Hunger
 Blade Hands              Tmut           #####.....   41%         5    ######.
 Corona                   Hex            #......      75%         1    None
 Ice Form                 Ice/Tmut       ###.....     80%         4    ####...
 Slow                     Hex            #.......     86%         2    ##.....
 Hydra Form               Tmut           #####.....   94%         6    #######
 Inner Flame              Hex/Fire       #.......     98%         3    ###....
 Portal Projectile        Hex/Tloc       #.....       98%         3    ###....
 Irradiate                Conj/Tmut      ###.......   98%         5    ######.
 Yara's Violent Unravell  Hex/Tmut       ###.......   98%         5    ######.
 Cause Fear               Hex            #.........   100%        4    ####...
 Leda's Liquefaction      Hex/Erth       #.........   100%        4    ####...
 Bolt of Magma            Conj/Fire/Erth #.........   100%        5    ######.
 Iskenderun's Battlesphe  Conj/Chrm      #.......     100%        5    ######.
 Silence                  Hex/Air        #.........   100%        5    ######.
 Venom Bolt               Conj/Pois      #.........   100%        5    ######.
 Deflect Missiles         Chrm/Air       #.........   100%        6    #######
 Iron Shot                Conj/Erth      #.........   100%        6    #######
 Statue Form              Tmut/Erth      ###......    100%        6    #######
 Dragon Form              Tmut           #####.....   100%        7    #######
 Orb of Destruction       Conj           #.........   100%        7    #######
 Spellforged Servitor     Conj/Summ      #.........   100%        7    #######
 Discord                  Hex            #.........   100%        8    #######


Dungeon Overview and Level Annotations

Branches:
Dungeon (13/15)            Temple (1/1) D:5            Lair (6/6) D:8
 Shoals (0/4) Lair:4       Spider (0/4) Lair:2        Slime (0/5) Lair:6
    Orc (1/2) D:11        Gauntlet (visited)
 Vaults: D:13-14

Altars:
Ashenzari
Cheibriados
Dithmenos
Elyvilon
Fedhas
Gozag
Hepliaklqana
Kikubaaqudgha
Makhleb
Nemelex Xobeh
Okawaru
Ru
Sif Muna
Trog
Uskayaw
Vehumet
Wu Jian
Xom
Yredelemnul
Zin
The Shining One
Jiyva

Shops:
D:4 (   D:5 :   D:6 ?   D:9 *   D:11 =(*

Annotations:
D:5 1 runed translucent door, exclusion: door, Crazy Yiuf
D:10 2 transporters, votol's ghost, journeyman DEFE
D:13 3 runed translucent doors
Lair:3 3 runed translucent doors, Cipolla's ghost, journeyman DsBe; Irhican's ghost, journeyman MiBe; Luuwnalu's ghost, journeyman KoHu; Ruicvywi's ghost, journeyman OgTm
Lair:5 exclusion: 3 oklob plants


Innate Abilities, Weirdness & Mutations

You have a beak for a mouth.
You have claws for feet.
You can fly continuously.


Message History

You claw the stone giant.
You peck the stone giant, but do no damage.
The stone giant is heavily wounded.
The orc hits you but does no damage. The stone giant completely misses you.
You block the orc's attack.
You punch the stone giant! You peck the stone giant.
The stone giant is heavily wounded.
The stone giant hits you!!
* * * LOW HITPOINT WARNING * * *
You hit the stone giant but do no damage.
You claw the stone giant, but do no damage.
You peck the stone giant.
The stone giant is severely wounded.
The orc misses you. The orc closely misses you.
You punch the stone giant!
You claw the stone giant, but do no damage.
You peck the stone giant, but do no damage.
The stone giant is almost dead.
The stone giant hits you!!!
You die...

, , , , , ,, ,
............., , * *
*#......>..... *
*........$... * * *
..........# *** * ##.
##.#........, ,**
#...#..#........,,,,,
*,##....$.[o#..... ,
* , ......[.@.......
* , *
,,....#..hCo..#... ,,
, ,,.....#..........*
*, ##.*###....$... *
* * *# #........ *, *
*** ......#.., , * *
,* ,.......#.,,** *
,*, , ,.......# , * ,
, , , , ,,


You could see a stone giant, a warg and 2 orcs.

Vanquished Creatures
  A fire dragon (Lair:6)
  Harold (D:9)
  2 hydras
  Erica (D:8)
  3 two-headed ogres
  5 death yaks
  Urug (D:12)
  A skeletal warrior (D:13)
  An unseen horror (D:13)
  A swamp dragon (Lair:6)
  2 lindwurms (Lair:6)
  A wolf spider zombie (D:13)
  A manticore (D:13)
  A wolf spider (Lair:6)
  A cyclops (D:12)
  A guardian serpent (Lair:6)
  A merfolk siren (Lair:4)
  9 black mambas
  Psyche (D:9)
  9 spiny frogs
  7 komodo dragons
  2 ice devils (Lair:2)
  3 trolls
  4 hornets
  17 blink frogs
  5 hippogriffs
  A meliai zombie (D:13)
  3 redbacks (Lair:2)
  3 wraiths
  16 wyverns
  30 yaks
  A basilisk (Lair:3)
  A warg (D:11)
  3 hungry ghosts
  Edmund (D:5)
  2 acid dragons (Lair:6)
  31 water moccasins
  3 porcupines
  4 sky beasts
  8 orc warriors
  3 swamp drakes (Lair:6)
  3 ice beasts
  A black bear (D:10)
  A hornet zombie (D:13)
  A necrophage (D:12)
  3 phantoms
  13 centaurs
  8 ogres
  16 crocodiles
  A big kobold (D:10)
  13 bullfrogs
  6 killer bees (D:10)
  A scorpion (D:8)
  4 wights (D:8)
  7 howler monkeys
  6 crimson imps
  8 centaur zombies
  2 quasits
  7 jellies
  2 bullfrog zombies
  4 hounds
  2 bullfrog skeletons (D:13)
  4 orc priests
  2 centaur skeletons
  Jessica (D:3)
  6 iguanas
  Ijyb (D:4)
  9 orc wizards
  8 worker ants
  A killer bee zombie (D:6)
  4 mummies (D:13)
  2 worker ant zombies
  8 gnolls
  13 adders
  4 shadow imps
  10 oozes
  A dart slug (D:2)
  A worm (D:2)
  7 leopard geckos
  46 orcs
  2 ball pythons
  7 bats
  3 giant cockroaches
  2 goblins (D:1)
  2 hobgoblins
  4 jackals
  11 kobolds
  5 quokkas
  5 frilled lizards
  2 gnoll zombies (D:5)
  6 rats
  A withered plant (D:13)
479 creatures vanquished.

Vanquished Creatures (collateral kills)
  A redback (Lair:6)
  2 orcs
  A quokka (D:5)
  A ball python skeleton (D:5)
5 creatures vanquished.

Vanquished Creatures (others)
  A blink frog (Lair:6)
  A steam dragon (Lair:6)
  17 fungi
  51 plants (Lair:6)
  3 withered plants (D:13)
73 creatures vanquished.

Grand Total: 557 creatures vanquished

Notes
Turn   | Place    | Note
-------+----------+-------------------------------------------
     0 | D:1      | hazymike the Tengu Transmuter began the quest for the Orb.
     0 | D:1      | Reached XP level 1. HP: 12/12 MP: 4/4
   430 | D:1      | Reached XP level 2. HP: 16/16 MP: 4/6
   434 | D:1      | Learned a level 2 spell: Sticks to Snakes
  1360 | D:2      | Reached XP level 3. HP: 20/20 MP: 4/7
  1420 | D:2      | Learned a level 3 spell: Spider Form
  1794 | D:3      | Reached skill level 4 in Unarmed Combat
  1805 | D:3      | Noticed Jessica
  1816 | D:3      | Killed Jessica
  1816 | D:3      | Reached XP level 4. HP: 25/25 MP: 5/8
  2520 | D:4      | Reached skill level 1 in Poison Magic
  2520 | D:4      | Gained mutation: You can fly continuously. [Tengu growth]
  2520 | D:4      | Reached XP level 5. HP: 24/30 MP: 7/9
  2594 | D:4      | Found Huomn's Antique Weapon Shoppe.
  2704 | D:4      | Noticed Ijyb
  2712 | D:4      | Killed Ijyb
  2773 | D:4      | Reached XP level 6. HP: 21/35 MP: 6/11
  3151 | D:5      | Entered Level 5 of the Dungeon
  3229 | D:5      | Found a staircase to the Ecumenical Temple.
  3235 | Temple   | Entered the Ecumenical Temple
  3361 | D:5      | Noticed Edmund
  3387 | D:5      | Killed Edmund
  3387 | D:5      | Reached skill level 5 in Unarmed Combat
  3513 | D:5      | Found a blossoming altar of Fedhas.
  3536 | D:5      | Found Jocritte's Book Boutique.
  3611 | D:5      | Reached XP level 7. HP: 40/40 MP: 8/12
  3729 | D:5      | Found a burning altar of Makhleb.
  3864 | D:5      | Found a runed translucent door.
  3865 | D:5      | Noticed Crazy Yiuf
  4028 | D:5      | Found a basalt altar of Yredelemnul.
  4215 | D:6      | Found Daqel's Magic Scroll Boutique.
  4222 | D:6      | Bought a scroll of teleportation for 42 gold pieces
  4222 | D:6      | Bought a scroll of silence for 105 gold pieces
  4222 | D:6      | Bought a scroll of identify for 28 gold pieces
  4222 | D:6      | Bought a scroll of identify for 28 gold pieces
  4222 | D:6      | Bought a scroll of identify for 28 gold pieces
  4342 | D:6      | Found a shattered altar of Ashenzari.
  4391 | D:6      | Became a worshipper of Ashenzari the Shackled
  4455 | D:6      | Reached skill level 1 in Shields
  4655 | D:6      | Found a burning altar of Makhleb.
  4698 | D:6      | Noticed a troll
  6574 | D:6      | Reached XP level 8. HP: 45/45 MP: 11/13
  7653 | D:7      | Reached skill level 6 in Unarmed Combat
  8179 | D:7      | Reached skill level 7 in Unarmed Combat
  8455 | D:7      | Reached XP level 9. HP: 50/52 MP: 16/16
  9073 | D:8      | Reached skill level 8 in Unarmed Combat
  9112 | D:8      | Found a hide-covered altar of Uskayaw.
  9235 | D:8      | Found a sparkling altar of Nemelex Xobeh.
  9264 | D:8      | Reached * piety under Ashenzari
  9276 | D:8      | Reached skill level 5 in Fighting
  9427 | D:8      | Reached skill level 9 in Unarmed Combat
  9525 | D:8      | Found a viscous altar of Jiyva.
  9604 | D:8      | Found a staircase to the Lair.
  9634 | D:8      | Found a radiant altar of Vehumet.
  9726 | D:8      | Noticed Erica
  9742 | D:8      | Killed Erica
  9742 | D:8      | Reached skill level 10 in Unarmed Combat
 10017 | D:9      | Found an ornate altar of the Wu Jian Council.
 10017 | D:9      | Found an iron altar of Okawaru.
 10017 | D:9      | Found an opulent altar of Gozag.
 10031 | D:9      | Noticed Psyche
 10053 | D:9      | Reached XP level 10. HP: 57/59 MP: 17/17
 10072 | D:9      | Killed Psyche
 10084 | D:9      | Found Baitiz's Assorted Antiques.
 10092 | D:9      | Bought a scroll labeled JUPSO BYCKUEWA for 31 gold pieces
 10092 | D:9      | Bought a scroll of identify for 62 gold pieces
 10103 | D:9      | Found a snail-covered altar of Cheibriados.
 10103 | D:9      | Noticed a two-headed ogre
 10137 | D:9      | Killed a two-headed ogre
 10137 | D:9      | Reached skill level 11 in Unarmed Combat
 10447 | D:9      | Noticed Harold
 10471 | D:9      | Killed Harold
 10471 | D:9      | Reached skill level 5 in Dodging
 11436 | D:10     | Entered Level 10 of the Dungeon
 11446 | D:10     | Reached skill level 5 in Transmutations
 12148 | D:10     | Reached skill level 12 in Unarmed Combat
 12430 | D:10     | Reached XP level 11. HP: 64/66 MP: 16/18
 12624 | D:10     | Identified the ring of Sif Muna's Approval {MR+ Int+2}
 12665 | D:10     | Noticed a two-headed ogre
 12679 | D:10     | Killed a two-headed ogre
 13524 | D:10     | Found a transporter.
 13528 | D:10     | Found a transporter.
 13529 | D:10     | Reached ** piety under Ashenzari
 13531 | D:10     | Noticed votol's ghost (journeyman DEFE)
 13597 | D:10     | Found a transporter.
 13601 | D:10     | Found a transporter.
 14245 | D:6      | Found a shattered altar of Ashenzari.
 14275 | D:6      | Found a burning altar of Makhleb.
 14667 | D:6      | Found Daqel's Magic Scroll Boutique.
 14740 | D:6      | Found a burning altar of Makhleb.
 15824 | D:11     | Found Olaimmocw's General Store.
 15867 | D:11     | Reached skill level 13 in Unarmed Combat
 16048 | D:11     | Got the cursed ring mail "Jiyrua Ixori" {rElec Int+3}
 16050 | D:11     | Found Eblasch's Antique Weapon Boutique.
 16109 | D:11     | Found Emutzig's Jewellery Emporium.
 16140 | D:11     | Found a staircase to the Orcish Mines.
 16606 | Lair:1   | Entered Level 1 of the Lair of Beasts
 17741 | Lair:2   | Found a hole to the Spider Nest.
 17762 | Lair:2   | Reached XP level 12. HP: 46/73 MP: 19/19
 18131 | Lair:2   | Reached *** piety under Ashenzari
 18548 | Lair:2   | Reached skill level 14 in Unarmed Combat
 19629 | Lair:3   | Found a runed translucent gate.
 19629 | Lair:3   | Found a runed translucent gate.
 19629 | Lair:3   | Found a runed translucent gate.
 19629 | Lair:3   | Noticed Luuwnalu's ghost (journeyman KoHu)
 19630 | Lair:3   | Noticed Cipolla's ghost (journeyman DsBe)
 19630 | Lair:3   | Noticed Irhican's ghost (journeyman MiBe)
 19630 | Lair:3   | Noticed Ruicvywi's ghost (journeyman OgTm)
 19647 | Lair:3   | Found a gate leading to a gauntlet.
 19654 | Gauntlet | Entered a Gauntlet
 19654 | Gauntlet | Found a transporter.
 19654 | Gauntlet | Found a transporter.
 19658 | Gauntlet | Found a transporter.
 19658 | Gauntlet | Found a transporter.
 19670 | Gauntlet | Found a transporter.
 19676 | Gauntlet | Noticed a green death
 19677 | Gauntlet | Found a transporter.
 19677 | Gauntlet | Found a transporter.
 19687 | Gauntlet | Found a transporter.
 19687 | Gauntlet | Found a transporter.
 19687 | Gauntlet | Noticed a wretched star
 19693 | Gauntlet | Found a transporter.
 19702 | Gauntlet | Noticed a death ooze
 19712 | Gauntlet | Noticed a minotaur
 19729 | Gauntlet | Found a transporter.
 19753 | Gauntlet | Found a transporter.
 19780 | Gauntlet | Identified the ring "Elat" {*Contam rElec Int+8 SInv
                  | Stlth-}
 19791 | Gauntlet | Found a transporter.
 19805 | Gauntlet | Found a transporter.
 19907 | Gauntlet | Found a transporter.
 19923 | Gauntlet | Found a transporter.
 19924 | Gauntlet | Identified the ring "Godekh" {rF+ Str+4 Dex+4}
 20143 | Lair:3   | Reached **** piety under Ashenzari
 20620 | Lair:3   | Noticed a four-headed hydra
 20712 | Lair:3   | Killed a four-headed hydra
 21429 | Lair:4   | Reached skill level 15 in Unarmed Combat
 22284 | Lair:4   | Found a staircase to the Shoals.
 22901 | Lair:5   | Identified the cursed +1 ring mail "Jiyrua Ixori" {rElec
                  | Int+3} (You found it on level 11 of the Dungeon)
 23195 | Lair:5   | Noticed a four-headed hydra
 23206 | Lair:5   | Killed a four-headed hydra
 23206 | Lair:5   | Reached skill level 10 in Fighting
 23206 | Lair:5   | Reached XP level 13. HP: 47/82 MP: 13/20
 23699 | Lair:5   | Paralysed by a floating eye for 3 turns
 24352 | Lair:6   | Entered Level 6 of the Lair of Beasts
 24363 | Lair:5   | Reached skill level 16 in Unarmed Combat
 27225 | Lair:6   | Found a staircase to the Slime Pits.
 27334 | Lair:6   | Found the +6 lightning scales {run, rElec}
 28936 | Lair:6   | Reached skill level 17 in Unarmed Combat
 28936 | Lair:6   | Reached XP level 14. HP: 71/88 MP: 18/21
 30305 | Lair:6   | Found a staircase to the Slime Pits.
 30767 | Lair:6   | Reached skill level 10 in Dodging
 31747 | D:12     | Reached ***** piety under Ashenzari
 32347 | D:12     | Noticed Urug
 32361 | D:12     | Killed Urug
 32571 | D:12     | Identified a scroll of acquirement
 32573 | D:12     | Got the cursed chain mail "Ymmiof" {rN+ Int+2}
 32708 | D:13     | Found a runed translucent door.
 32905 | D:13     | Found a large runed translucent door.
 32905 | D:13     | Found a large runed translucent door.
 34038 | D:13     | Noticed a ghoul
 34038 | D:13     | Noticed a ghoul
 34114 | Orc:1    | Entered Level 1 of the Orcish Mines
 34130 | Orc:1    | Noticed a stone giant
 34540 | Orc:1    | Demolished by a stone giant

Levels and vault maps discovered:
D:1:      minmay_arrival_hallway, layout_basic
D:2:      layout_rooms, hex_medium
D:3:      layout_loops_corners, serial_glass, glass_columns_a, glass_columns_b,
          glass_columns_b, glass_columns_b, kennysheep_generic_room_14,
          uniq_jessica
D:4:      layout_basic, serial_shops, shop_coins, uniq_ijyb
D:5:      layout_basic, kennysheep_little_box, nicolae_overflow_crystal_walls,
          lemuel_zombie_altar_yredelemnul, minmay_temple_entry_crystal_x,
          first_ration, serial_shops, shop, uniq_edmund, uniq_crazy_yiuf_cottage
D:6:      layout_basic, nicolae_ashenzari_panopticon, basic_altar, serial_shops,
          shop
D:7:      layout_basic
D:8:      layout_rooms, lemuel_crystal_altar,
          chequers_temple_overflow_statue_of_worship, lair_entry_dummy,
          hangedman_little_slice_of_home, uniq_erica
D:9:      layout_loops_ring, nicolae_overflow_hidden_temple,
          gammafunk_temple_overflow_forgotten, serial_shops, shop, uniq_harold,
          uniq_psyche
D:10:     layout_roguey, gammafunk_ghost_hive
D:11:     layout_irregular_city, david_orc_3, serial_shops,
          nicolae_shop_window_shopping, nicolae_shop_trees,
          nicolae_shop_overgrown_old_shop, grunt_ministairs_5
D:12:     layout_stronghold, uniq_urug
D:13:     gammafunk_mikee_crab_dinner, layout_loops_ring,
          ebering_ghost_disaster_area, serial_undead, serial_undead_d,
          serial_undead_b, serial_undead_a, serial_undead_b, serial_undead_e,
          serial_undead_b, serial_undead_d, serial_undead_b
Temple:   cyrus_temple_forest
Lair:1:   layout_hall_layers
Lair:2:   layout_chaotic_city, spider_nest_entry_webs,
          portal_ice_cave_demonic_guard
Lair:3:   layout_roguey, gauntlet_entry_generic, gammafunk_ghost_cemetery
Lair:4:   layout_regular_city, minmay_shoals_entry_lonely_mermaid,
          chequers_serial_rivers_large_a
Lair:5:   layout_hall_layers, disabler_island, lemuel_fruit_tree,
          grunt_megastairs_3
Lair:6:   guppyfry_lair_end_dragon, layout_loops_ring,
          hangedman_lair_tendril_chambers, nicolae_slime_entry_slimehenge
Orc:1:    layout_caves, uniq_erolcha

Skill      XL: |  1  2  3  4  5  6  7  8  9 10 11 12 13 14 |
---------------+-------------------------------------------+-----
Unarmed Combat | 4 5 7 10 12 13 15 17 | 17.8
Transmutations | 2 3 4 5 6 7 8 |  8.0
Dodging        | 3 4 6 7 8 9 10 | 10.0
Poison Magic   | 1 2 |  2.0
Fighting       | 2 4 5 6 8 10 11 | 11.5
Spellcasting   | 3 4 |  4.0
Shields        | 4 |  4.0

Action                   |  1- 3 |  4- 6 |  7- 9 | 10-12 | 13-15 || total
-------------------------+-------+-------+-------+-------+-------++-------
Melee: Unarmed           |    74 |    80 |   404 |   822 |   729 ||  2109
       Kick              |    17 |    31 |   109 |   255 |   262 ||   674
       Headbutt          |     7 |    17 |    58 |   160 |   166 ||   408
       Peck              |     9 |    19 |    78 |   181 |   160 ||   447
       Punch             |       |     3 |       |       |       ||     3
Throw: Stone             |    31 |       |       |       |       ||    31
       Boomerang         |       |     6 |    29 |    35 |    98 ||   168
       Dart              |       |       |       |       |     7 ||     7
       Javelin           |       |       |       |       |     1 ||     1
 Cast: Beastly Appendage |    22 |    14 |    58 |    99 |    70 ||   263
       Sticks to Snakes  |     1 |     6 |    24 |    54 |    10 ||    95
Invok: Curse Item        |       |       |     2 |     2 |     1 ||     5
 Abil: Fly               |       |     1 |       |       |       ||     1
Evoke: Wand              |       |       |       |     2 |       ||     2
  Use: Scroll            |       |    10 |     8 |     9 |     8 ||    35
       Potion            |       |       |       |     1 |     4 ||     5
 Stab: Distracted        |       |     1 |     1 |     1 |     2 ||     5
  Eat: Chunk             |     3 |     7 |    14 |    28 |    18 ||    70
       Ration            |       |       |     2 |     5 |     5 ||    12
Armor: Leather armour    |     6 |       |       |       |       ||     6
       Ring mail         |    12 |    12 |    44 |    22 |       ||    90
       Scale mail        |       |       |       |    68 |   101 ||   169
Dodge: Dodged            |    24 |    29 |   174 |   387 |   333 ||   947
Block: Buckler           |       |       |    53 |   175 |   166 ||   394
